 Dungeon Crawl Stone Soup version 0.29-a0-418-gc0181ea820 (webtiles) character file.

Game seed: 210502672416502620

67 zishaf the Magician (level 4, -2/33 HPs)
             Began as a Djinni Venom Mage on May 17, 2022.
             Slain by a phantom (6 damage)
             ... on level 3 of the Dungeon.
             The game lasted 00:03:14 (2751 turns).

zishaf the Magician (Djinni Venom Mage)             Turns: 2751, Time: 00:03:16

Health: -2/33      AC:  3    Str:  7    XL:     4   Next: 38%
Gold:   161        EV: 12    Int: 19    God:
                   SH:  0    Dex: 13

rFire   + + .      SeeInvis .   (no weapon)
rCold   x . .      Faith    .   (no shield)
rNeg    . . .      Spirit   .   a - +0 robe
rPois   ∞          Reflect  .   (no helmet)
rElec   .          Harm     .   n - +0 cloak
rCorr   .          Rampage  .   (no gloves)
Will    .....                   (boots unavailable)
Stlth   ++........              (no amulet)
HPRegen 0.11/turn               m - ring of wizardry
MPRegen 0.00/turn               (no ring)

@: flying
A: sickness immunity, fire resistance 2, cold vulnerability 1, float, innate
caster, HP casting, extra vitality 1
a: no special abilities


You were on level 3 of the Dungeon.
You visited 1 branch of the dungeon, and saw 3 of its levels.

You collected 161 gold pieces.

Inventory:

Armour
 a - a +0 robe (worn)
 n - a +0 cloak (worn)
Jewellery
 m - a ring of wizardry (left hand)
Scrolls
 b - a scroll of vulnerability {unknown}
 e - 3 scrolls of identify {unknown}
 f - a scroll of enchant weapon {unknown}
 h - a scroll of teleportation {unknown}
 i - a scroll of noise {unknown}
 l - a scroll of fog {unknown}
 o - a scroll of enchant armour {unknown}
Potions
 c - a potion of curing {unknown}
 d - 4 potions of might {unknown}
 g - a potion of resistance {unknown}
 j - a potion of berserk rage {unknown}
 k - a potion of haste {unknown}


   Skills:
 + Level 1.8 Fighting
 - Level 2.1 Dodging
 - Level 1.5 Stealth
 * Level 3.4 Spellcasting


You couldn't memorise any spells.
You knew the following spells:

 Your Spells              Type           Power      Damage    Failure   Level
a - Sting                 Tmut/Pois      64%        1d6       1%          1
b - Poisonous Vapours     Pois/Air       32%        N/A       2%          2
c - Mephitic Cloud        Conj/Pois/Air  16%        N/A       4%          3
d - Olgreb's Toxic Radia  Pois           16%        N/A       14%         4
e - Shock                 Conj/Air       64%        1d7       1%          1
Your spell library was empty.

Dungeon Overview and Level Annotations

Branches:
Dungeon (3/15)

Altars:
Hepliaklqana
Xom


Innate Abilities, Weirdness & Mutations

You are immune to sickness and miasma.
You are immune to poison.
Your flesh is very heat resistant. (rF++)
You are vulnerable to cold. (rC-)
You float through the air rather than walking.
You learn spells naturally, not from books.
Your magical power is your life essence.
You have superior vitality. (+4 MHP)


Message History

The zap hits the phantom.
The phantom is severely damaged.
* * * LOW HITPOINT WARNING * * *
The phantom hits you but does no damage.
Casting: Shock (safe; 1% risk of failure)
Confirm with . or Enter, or press ? or * to list all spells.
Aiming: Shock (safe; 1% risk of failure)
Press: ? - help, Shift-Dir - straight line, f/p - phantom
Aim: a phantom (severely damaged, 60% to hit)
The zap misses the phantom.
* * * LOW HITPOINT WARNING * * *
The phantom closely misses you.
Unknown command.
Casting: Shock (safe; 1% risk of failure)
Confirm with . or Enter, or press ? or * to list all spells.
Aiming: Shock (safe; 1% risk of failure)
Press: ? - help, Shift-Dir - straight line, f/p - phantom
Aim: a phantom (severely damaged, 60% to hit)
The zap misses the phantom.
* * * LOW HITPOINT WARNING * * *
The phantom hits you but does no damage.
Casting: Shock (safe; 1% risk of failure)
Confirm with . or Enter, or press ? or * to list all spells.
Aiming: Shock (safe; 1% risk of failure)
Press: ? - help, Shift-Dir - straight line, f/p - phantom
Aim: a phantom (severely damaged, 60% to hit)
The zap hits the phantom.
The phantom is severely damaged.
* * * LOW HITPOINT WARNING * * *
The phantom closely misses you.
Casting: Shock (safe; 1% risk of failure)
Confirm with . or Enter, or press ? or * to list all spells.
Aiming: Shock (safe; 1% risk of failure)
Press: ? - help, Shift-Dir - straight line, f/p - phantom
Aim: a phantom (severely damaged, 60% to hit)
The zap hits the phantom.
The phantom is almost destroyed.
* * * LOW HITPOINT WARNING * * *
The phantom hits you.
You die...

##§#w##.'...##.#
#.#####.#.....?#
#J#_...##...###
###...####..#
###.._# #..#
#...###
#..########.#
#'###
.##<..........#
#..# ........#
###..####.##.###@#
.....†....##.# #W#
########### #.#
..>.... #.#
####### ..# ####


You could see a phantom.

Vanquished Creatures
  2 adders (D:2)
  5 endoplasms
  3 giant cockroaches (D:2)
  2 goblins (D:1)
  5 hobgoblins (D:1)
  6 jackals (D:1)
  A kobold (D:1)
  A quokka (D:2)
  11 ball pythons
  4 bats
  4 frilled lizards (D:2)
  A rat (D:3)
45 creatures vanquished.

Notes
Turn   | Place    | Note
-------+----------+-------------------------------------------
     0 | D:1      | zishaf the Djinni Venom Mage began the quest for the Orb.
     0 | D:1      | Reached XP level 1. HP: 15/15 MP: 0/0
    38 | D:1      | Found a faded altar of an unknown god.
   340 | D:1      | Reached XP level 2. HP: 19/22 MP: 0/0
   456 | D:1      | Reached skill level 1 in Fighting
   860 | D:1      | Reached XP level 3. HP: 17/27 MP: 0/0
   860 | D:1      | Learned a level 1 spell: Shock
  1041 | D:1      | Reached skill level 3 in Spellcasting
  1989 | D:2      | Reached XP level 4. HP: 30/32 MP: 0/0
  2720 | D:3      | Found a shimmering altar of Xom.
  2721 | D:3      | Found a hazy altar of Hepliaklqana.
  2722 | D:3      | Noticed a spectral ugly thing
  2733 | D:3      | Noticed a phantom
  2751 | D:3      | Slain by a phantom

Illustrated notes

Levels and vault maps discovered:
D:1:      heliophobic_arrival_battle_scene, layout_rooms,
          hellmonk_ecumenical_altar_leap_of_faith
D:2:      layout_loops_corners
D:3:      layout_loops_ring, regret_index_temple_of_mockery, st_stairs_9

Skill      XL: |  1  2  3 |
---------------+----------+-----
Fighting       | 1 |  1.8
Spellcasting   | 3 |  3.4
Dodging        | |  2.1
Stealth        | |  1.5

Action                   |  1- 3 |  4- 6 || total
-------------------------+-------+-------++-------
Melee: Unarmed           |     2 |       ||     2
 Cast: Sting             |    72 |    24 ||    96
       Poisonous Vapours |     1 |       ||     1
       Shock             |       |    17 ||    17
Armor: Robe              |     8 |     7 ||    15
Dodge: Dodged            |    32 |    10 ||    42

Table legend: (Time is in decaauts)
 A = Elapsed time spent in this place.
 B = Non-inter-level travel time spent in this place.
 C = Inter-level travel time spent in this place.
 D = Time resting spent in this place.
 E = Time spent auto-exploring this place.
 F = Levels seen in this place.
 G = Mean time per level.
                   A        B        C        D        E       F      G
               +--------+--------+--------+--------+--------+-----+--------+
         Total |   2750 |   2678 |     72 |    237 |   2140 |   3 |  916.7 |
       Dungeon |   2750 |   2678 |     72 |    237 |   2140 |   3 |  916.7 |
               +--------+--------+--------+--------+--------+-----+--------+

Top non-repeatable levels by time:
     D:1: 1419 daAuts
     D:2: 1220 daAuts
     D:3: 110 daAuts
